 Dungeon Crawl Stone Soup version 0.24.0-13-gcf9b319 (webtiles) character file.

Game seed: 5370690476583416621, levelgen mode: deterministic

48 Fang the Skirmisher (level 3, -3/24 HPs)
             Began as a Gargoyle Fighter on Dec 19, 2019.
             Slain by a gnoll
             ... wielding a +0 spear of piercing
              (5 damage)
             ... on level 2 of the Dungeon.
             The game lasted 00:00:53 (946 turns).

Fang the Skirmisher (Gargoyle Fighter)               Turns: 946, Time: 00:00:54

Health: -3/24      AC: 10    Str: 20    XL:     3   Next: 72%
Magic:  3/3        EV:  7    Int:  8    God:
Gold:   76         SH:  9    Dex:  9    Spells: 2/2 levels left

rFire    . . .     SeeInvis .   a - +0 war axe
rCold    . . .     Gourm    .   c - +0 shield
rNeg     + . .     Faith    .   b - +0 scale mail
rPois    ∞         Spirit   .   (no helmet)
rElec    +         Reflect  .   (no cloak)
rCorr    .         Harm     .   (no gloves)
MR       .....                  (no boots)
Stlth    ..........             (no amulet)
HPRegen  0.08/turn              (no ring)
MPRegen  0.08/turn              (no ring)

@: no status effects
A: negative energy resistance 1, electricity resistance, unbreathing,
petrification resistance, rot immunity, AC +3
a: no special abilities


You were on level 2 of the Dungeon.
You were not hungry.

You visited 1 branch of the dungeon, and saw 2 of its levels.

You collected 76 gold pieces.

Inventory:

Hand Weapons
 a - a +0 war axe (weapon)
Armour
 b - a +0 scale mail (worn)
 c - a +0 shield (worn)
Scrolls
 e - a scroll of enchant weapon {unknown}
 i - a scroll of teleportation {unknown}
 j - a scroll of identify {unknown}
Potions
 d - a potion of might
 h - a potion of heal wounds {unknown}
 k - 2 potions of lignification {unknown}
 l - 2 potions of curing {unknown}
Comestibles
 f - 3 rations


   Skills:
 + Level 3.8 Fighting
 + Level 2.3 Axes
 + Level 3.7 Armour
 + Level 3.7 Shields


You had 2 spell levels left.
You didn't know any spells.
Your spell library was empty.

Dungeon Overview and Level Annotations

Branches:
Dungeon (2/15)

Altars:


Innate Abilities, Weirdness & Mutations

You are resistant to torment.
Your stone body is resilient. (AC +3)
You are immune to poison.
You resist negative energy. (rN+)
You are resistant to electric shocks. (rElec)
You can survive without breathing.
You are immune to petrification.
You are immune to rotting.


Message History

You climb downwards.
The gnoll closely misses you.
The gnoll hits you from afar with a +0 halberd.
There is a stone staircase leading up here.
The gnoll hits you with a +0 halberd.
You closely miss the gnoll. The gnoll hits you with a +0 halberd!
Ouch! That really hurt!
* * * LOW HITPOINT WARNING * * *
You are too injured to fight recklessly!
You are too injured to fight recklessly!
You are too injured to fight recklessly!
You are too injured to fight recklessly!
You are too injured to fight recklessly!
You are too injured to fight recklessly!
You are too injured to fight recklessly!
You are too injured to fight recklessly!
You are too injured to fight recklessly!
You block the gnoll's attack. The gnoll hits you but does no damage.
There is a stone staircase leading up here.
The gnoll hits you with a +0 spear of piercing.
You die...

#### #.. ######.#
. ...##.###
..#####......
.........#.## ##
.........gg>##....
........@#.....#
.........#.###.#
..#.####g#)# # . #
#...g.g.#
###.##### #.# #.#
... ..#


You could see 3 gnolls.

Vanquished Creatures
  A gnoll (D:2)
  A dart slug (D:1)
  A leopard gecko (D:1)
  4 bats
  3 giant cockroaches (D:1)
  8 goblins (D:1)
  3 hobgoblins (D:1)
  5 kobolds (D:1)
  A quokka (D:2)
  3 frilled lizards (D:1)
30 creatures vanquished.

Notes
Turn   | Place    | Note
-------+----------+-------------------------------------------
     0 | D:1      | Fang the Gargoyle Fighter began the quest for the Orb.
     0 | D:1      | Reached XP level 1. HP: 14/14 MP: 1/1
   114 | D:1      | Reached XP level 2. HP: 19/19 MP: 2/2
   357 | D:1      | Reached XP level 3. HP: 22/23 MP: 3/3
   946 | D:2      | Slain by a gnoll

Levels and vault maps discovered:
D:1:      tarquinn_simple_flora_water_f, layout_loops_ring
D:2:      layout_loops_cross, first_ration

Skill      XL: |  1 |
---------------+----+-----
Axes           | 2 |  2.3
Fighting       | |  3.8
Armour         | |  3.7
Shields        | |  3.7

Action                   || total
-------------------------++-------
Melee: War axe           ||   103
Armor: Scale mail        ||    51
Dodge: Dodged            ||    45
Block: Shield            ||    67
